 Dungeon Crawl Stone Soup version 0.15.0-16-gce31824 (webtiles) character file.

19194 Leibowitz the Geomancer (level 12, -1/67 HPs)
             Began as a Gargoyle Earth Elementalist on Sept 5, 2014.
             Was a High Priest of Vehumet.
             Slain by a boulder beetle (28 damage)
             ... on Level 4 of the Lair of Beasts on Sept 6, 2014.
             The game lasted 03:50:18 (16356 turns).

Leibowitz the Geomancer (GrEE)                     Turns: 16356, Time: 03:50:19

HP  -1/67        AC 19     Str 11      XL: 12   Next: 66%
MP  25/31        EV 14     Int 22      God: Vehumet [*****.]
Gold 477         SH  0     Dex 10      Spells:  9 memorised,  2 levels left

rFire  + + .     SeeInvis +     a - +11 morningstar "Eos" {elec, -Tele rElec SInv}
rCold  . . .     Clarity  +     k - +1 robe {rF+}
rNeg   + . .     rCorr    .     (no shield)
rPois  +         rRot     +     F - +0 helmet
rElec  +         Spirit   .     D - +1 cloak
SustAb .         Warding  .     C - +0 pair of gloves
rMut   .         NoTele   +     (no boots)
Gourm  .                        B - amulet of clarity
MR     .....                    r - ring of wizardry
                                n - +4 ring of protection

@: not resistant to hostile enchantments, fairly stealthy
A: fire resistance 1, negative energy resistance 1, regeneration 1, electricity
resistance, unbreathing, petrification resistance, rot immunity, AC +8
a: Renounce Religion


You were on level 4 of the Lair of Beasts.
You worshipped Vehumet.
Vehumet was extremely pleased with you.
You were not hungry.

You visited 3 branches of the dungeon, and saw 14 of its levels.

You collected 615 gold pieces.
You spent 138 gold pieces at shops.

Inventory:

Hand weapons
 a - the +11 morningstar "Eos" (weapon) {elec, -Tele rElec SInv}
   (You found it on level 7 of the Dungeon)

   Occasionally, upon striking a foe, it will discharge some electrical energy
   and cause terrible harm.
   It insulates you from electricity.
   It enhances your eyesight.
   It prevents most forms of teleportation.
 b - a +0 blowgun
Missiles
 j - 13 poisoned needles
 s - 543 stones (quivered)
Armour
 k - a +1 robe of fire resistance (worn)
 C - a +0 pair of gloves (worn)
 D - a +1 cloak (worn)
 F - a +0 helmet (worn)
Magical devices
 m - a wand of teleportation (6)
 t - a wand of draining (5)
 v - a wand of teleportation (2)
 x - a wand of magic darts (6)
 z - a wand of hasting (3)
 I - a wand of polymorph (13)
 L - a wand of fireball (0)
 U - a wand of magic darts (12)
Comestibles
 h - 8 bread rations
 G - 3 meat rations
 J - 12 royal jellies
 O - 5 fruits
 P - a beef jerky
 S - a chunk of blink frog flesh
 W - a slice of pizza
Scrolls
 e - 10 scrolls of identify
 f - 4 scrolls of enchant weapon
 g - 5 scrolls of teleportation
 i - 3 scrolls of enchant armour
 o - 2 scrolls of fog
 q - 3 scrolls of remove curse
 w - 2 scrolls of magic mapping
 y - a scroll of amnesia
Jewellery
 n - a +4 ring of protection (left hand)
 r - a ring of wizardry (right hand)
 u - the ring "Crad" {+cTele Dex-4 Int+1}
   (You found it on level 4 of the Dungeon)

   [ring of teleport control]

   It can be evoked for teleport control.
   It affects your intelligence (+1).
   It affects your dexterity (-4).
 A - the ring of Fun {Ice rN+}
   (You found it on level 7 of the Dungeon)

   [ring of ice]

   It enhances your ice magic, and weakens your fire magic.
   It makes you vulnerable to fire.
   It protects you from cold.
   It protects you from negative energy.
 B - an amulet of clarity (around neck)
 M - an uncursed ring of see invisible
 N - an uncursed ring of sustain abilities
 Q - an uncursed ring of positive energy
Potions
 c - 3 potions of agility
 l - 2 potions of brilliance
 p - 2 potions of curing
 E - 2 potions of porridge
 H - a potion of heal wounds
 K - a potion of magic
 T - 2 potions of restore abilities
Books
 d - a book of Geomancy

   Spells                             Type                      Level
   *Sandblast                         Earth                        1
   Stoneskin                          Transmutation/Earth          2
   *Passwall                          Transmutation/Earth          3
   *Stone Arrow                       Conjuration/Earth            3
   *Petrify                           Transmutation/Earth          4
   *Lee's Rapid Deconstruction        Earth                        5


   Skills:
 + Level 4.5 Fighting
 + Level 4.2 Maces & Flails
 + Level 7.0 Dodging
 + Level 5.2 Stealth
 + Level 0.6 Unarmed Combat
 + Level 10.5 Spellcasting
 * Level 6.2 Conjurations
 + Level 4.0 Transmutations
 * Level 1.6 Fire Magic
 + Level 0.4 Air Magic
 + Level 13.0 Earth Magic
 + Level 0.2 Evocations


You had 2 spell levels left.
You knew the following spells:

 Your Spells              Type           Power        Failure   Level  Hunger
a - Sandblast             Erth           ######       1%          1    None
b - Stone Arrow           Conj/Erth      ######       1%          3    None
c - Lee's Rapid Deconstr  Erth           ######....   1%          5    ###....
d - Petrify               Trmt/Erth      #####...     1%          4    #......
e - Throw Flame           Conj/Fire      ####..       1%          2    None
f - Searing Ray           Conj           #####.       1%          2    None
g - Static Discharge      Conj/Air       ####....     1%          3    None
h - Passwall              Trmt/Erth      #####.....   1%          3    None
i - Delayed Fireball      Conj/Fire      N/A          86%         7    #######


Dungeon Overview and Level Annotations

Branches:
Dungeon (9/15)             Temple (1/1) D:6            Lair (4/8) D:9
    Orc: D:9-12       Swamp: Lair:3-6    Shoals: Lair:3-6     Snake: Lair:3-6
 Spider: Lair:3-6

Altars:
Ashenzari
Cheibriados
Dithmenos
Elyvilon
Fedhas
Kikubaaqudgha
Makhleb
Nemelex Xobeh
Okawaru
Qazlal
Sif Muna
Trog
Vehumet
Xom
Yredelemnul
Zin
The Shining One

Shops:
D:5 (   D:9 *

Annotations:
Lair:4 Nergalle


Innate Abilities, Weirdness & Mutations

You are resistant to torment.
You are immune to poison.
Your stone body is very resilient (AC +8).
You resist negative energy.
You are resistant to electric shocks.
You can survive without breathing.
You are immune to petrification.
You are immune to rotting.
Your flesh is heat resistant.
Your natural rate of healing is unusually fast.


Message History

The boulder beetle closely misses you.
You hear the crackle of electricity.
a - the +11 morningstar "Eos" (weapon)
{elec, -Tele rElec SInv}
Casting: Throw Flame
Confirm with . or Enter, or press ? or * to list all spells.
Aiming: Stone Arrow
Press: ? - help, Shift-Dir - straight line, f/p - boulder beetle
Aim: a boulder beetle (heavily wounded, poisoned)
The stone arrow hits the boulder beetle.
The boulder beetle is severely wounded.
The boulder beetle closely misses you.
Casting: Stone Arrow
Confirm with . or Enter, or press ? or * to list all spells.
Aiming: Stone Arrow
Press: ? - help, Shift-Dir - straight line, f/p - boulder beetle
Aim: a boulder beetle (severely wounded, poisoned)
The stone arrow hits the boulder beetle.
The boulder beetle is severely wounded.
The boulder beetle bites you!!
You die...

.P.#........##
###P...#####
#........########...P
##.......# #(.........
#.......##..........##
#.......P##...#....##
##........##..P.#..
#P.................
##.........#B#
#........##.@#
#............#
........P........
#.##.P.P#.#.#.#### ##
############


You could see a boulder beetle.

Vanquished Creatures
  A giant orange brain (shapeshifter) (D:8)
  3 black mambas
  4 spiny frogs
  2 komodo dragons
  A troll (D:9)
  The ghost of elenap21 the Sneak, an experienced VSEn (D:5)
  A queen bee (D:9)
  A two-headed ogre (D:8)
  12 blink frogs
  A basilisk (Lair:2)
  A spriggan (shapeshifter) (D:8)
  6 yaks (Lair:3)
  2 wyverns (D:9)
  A hungry ghost (D:8)
  6 wolves
  26 water moccasins
  2 hippogriffs
  2 porcupines
  5 orc warriors
  2 sky beasts
  6 ogres
  A phantom (D:9)
  5 centaurs
  An ice beast (D:9)
  8 crocodiles
  A boring beetle (Lair:4)
  Sigmund (D:5)
  2 big kobolds (D:7)
  12 giant frogs
  26 killer bees (D:9)
  A scorpion (D:7)
  A yak zombie (D:8)
  A troll zombie (D:9)
  2 yak skeletons
  10 wights
  3 electric eels
  A troll skeleton (D:9)
  A giant frog zombie (D:8)
  A jelly (D:7)
  2 crimson imps
  A gnoll shaman (D:6)
  16 hounds
  A giant frog skeleton (D:8)
  2 elf skeletons
  2 orc wizards
  5 worker ants
  7 iguanas
  6 sheep (Lair:3)
  A big kobold zombie (D:5)
  Jessica (D:3)
  A worker ant zombie (D:5)
  6 gnolls
  33 green rats
  38 adders
  3 shadow imps (D:5)
  A worm (D:3)
  2 adder skeletons
  An adder zombie (D:5)
  6 giant geckos
  An ooze (D:3)
  25 orcs
  15 bats
  A bat zombie (D:5)
  9 giant cockroaches
  14 goblins
  17 hobgoblins
  10 jackals
  24 kobolds
  5 quokkas
  3 giant newts
  A goblin skeleton (D:4)
  A goblin zombie (D:4)
  2 hobgoblin zombies (D:4)
  3 kobold skeletons
  A kobold zombie (D:5)
  An orc skeleton (D:4)
  15 rats
447 creatures vanquished.

Notes
Turn   | Place    | Note
--------------------------------------------------------------
     0 | D:1      | Leibowitz, the Gargoyle Earth Elementalist, began the quest for the Orb.
     0 | D:1      | Reached XP level 1. HP: 10/10 MP: 3/3
   383 | D:1      | Reached XP level 2. HP: 15/15 MP: 1/4
  1301 | D:1      | Reached XP level 3. HP: 19/19 MP: 4/6
  1558 | D:2      | Learned a level 3 spell: Stone Arrow
  1570 | D:2      | Reached skill level 4 in Earth Magic
  2032 | D:2      | Reached XP level 4. HP: 18/24 MP: 1/8
  2096 | D:2      | Found a glowing silver altar of Zin.
  2221 | D:2      | Found an iron altar of Okawaru.
  2397 | D:3      | Noticed Jessica
  2453 | D:3      | Killed Jessica
  2478 | D:3      | Found a shadowy altar of Dithmenos.
  2583 | D:3      | Reached XP level 5. HP: 15/28 MP: 0/11
  3205 | D:3      | Noticed an ogre
  3219 | D:3      | Killed an ogre
  3219 | D:3      | Reached skill level 1 in Fighting
  3219 | D:3      | Reached skill level 1 in Maces & Flails
  3219 | D:3      | Reached skill level 5 in Earth Magic
  3220 | D:3      | Reached XP level 6. HP: 32/34 MP: 0/13
  3992 | D:4      | Found a glowing golden altar of the Shining One.
  4132 | D:4      | Found a deep blue altar of Sif Muna.
  4197 | D:4      | Got a glittering brass ring
  4198 | D:4      | Identified the ring "Crad" {+cTele Dex-4 Int+1} (You found it on level 4 of the Dungeon)
  4308 | D:4      | Found a sparkling altar of Nemelex Xobeh.
  4753 | D:4      | Found a shattered altar of Ashenzari.
  5107 | D:4      | Reached skill level 6 in Earth Magic
  5107 | D:4      | Reached XP level 7. HP: 38/38 MP: 3/17
  5115 | D:4      | Learned a level 5 spell: Lee's Rapid Deconstruction
  5120 | D:4      | Learned a level 4 spell: Petrify
  5578 | D:5      | Entered Level 5 of the Dungeon
  5732 | D:5      | Found a shadowy altar of Dithmenos.
  5757 | D:5      | Reached skill level 1 in Transmutations
  6044 | D:5      | Noticed elenap21's ghost (experienced VSEn)
  6055 | D:5      | Found Crown's Weapon Shop.
  6080 | D:5      | Found a white marble altar of Elyvilon.
  6136 | D:5      | Reached skill level 1 in Conjurations
  6486 | D:6      | Reached skill level 5 in Spellcasting
  6486 | D:6      | Reached XP level 8. HP: 43/43 MP: 10/20
  6844 | D:6      | Found a stormy altar of Qazlal.
  6875 | D:6      | Reached skill level 7 in Earth Magic
  6963 | D:6      | Gained mutation: Your flesh is heat resistant. [potion of beneficial mutation]
  6964 | D:6      | Gained mutation: Your natural rate of healing is unusually fast. [potion of beneficial mutation]
  7077 | D:6      | Identified a scroll of acquirement
  7149 | D:6      | Found a staircase to the Ecumenical Temple.
  7166 | Temple   | Entered the Ecumenical Temple
  7304 | Temple   | Became a worshipper of Vehumet
  7530 | D:5      | Noticed Sigmund
  7568 | D:5      | Killed Sigmund
  7832 | D:5      | Killed elenap21's ghost
  7875 | D:5      | Acquired Vehumet's first power
  7875 | D:5      | Offered knowledge of Magic Dart by Vehumet.
  7989 | D:7      | Got a flickering ivory ring
  7991 | D:7      | Identified the ring of Fun {Ice rN+} (You found it on level 7 of the Dungeon)
  8033 | D:7      | Reached skill level 8 in Earth Magic
  8033 | D:7      | Reached XP level 9. HP: 25/49 MP: 15/23
  8943 | D:7      | Reached skill level 9 in Earth Magic
  9086 | D:7      | Offered knowledge of Throw Flame by Vehumet.
  9096 | D:7      | Learned a level 2 spell: Throw Flame
  9632 | D:8      | Reached XP level 10. HP: 42/56 MP: 0/25
  9766 | D:8      | Found a shimmering altar of Xom.
  9766 | D:8      | Found a shimmering altar of Xom.
  9767 | D:8      | Found a shimmering altar of Xom.
  9767 | D:8      | Found a shimmering altar of Xom.
  9768 | D:8      | Found a shimmering altar of Xom.
  9768 | D:8      | Found a shimmering altar of Xom.
  9769 | D:8      | Noticed a giant orange brain
  9777 | D:8      | Killed a giant orange brain
  9777 | D:8      | Reached skill level 10 in Earth Magic
  9783 | D:8      | Found a shimmering altar of Xom.
  9783 | D:8      | Found a shimmering altar of Xom.
  9887 | D:8      | Offered knowledge of Searing Ray by Vehumet.
  9891 | D:8      | Learned a level 2 spell: Searing Ray
 10175 | D:8      | Reached skill level 5 in Dodging
 10444 | D:9      | Found Igys' Assorted Antiques.
 10449 | D:9      | Bought a runed sapphire ring for 115 gold pieces
 10449 | D:9      | Bought a scroll labeled MULEET SCHOFF for 23 gold pieces
 10514 | D:9      | Found an ancient bone altar of Kikubaaqudgha.
 10576 | D:9      | Acquired Vehumet's second power
 10742 | D:9      | Offered knowledge of Static Discharge by Vehumet.
 10830 | D:9      | Found a staircase to the Lair.
 10942 | D:9      | Reached skill level 11 in Earth Magic
 11084 | D:9      | Learned a level 3 spell: Static Discharge
 11125 | D:9      | Acquired Vehumet's third power
 11125 | D:9      | Reached XP level 11. HP: 58/61 MP: 24/27
 11284 | D:9      | Found a deep blue altar of Sif Muna.
 11563 | D:9      | Offered knowledge of Fireball by Vehumet.
 11572 | D:9      | Reached skill level 5 in Conjurations
 11732 | Lair:1   | Entered Level 1 of the Lair of Beasts
 12064 | Lair:1   | Offered knowledge of Poison Arrow by Vehumet.
 12935 | Lair:1   | Reached skill level 12 in Earth Magic
 13746 | Lair:2   | Reached XP level 12. HP: 33/67 MP: 5/30
 13831 | Lair:2   | Learned a level 3 spell: Passwall
 14226 | Lair:2   | Reached skill level 10 in Spellcasting
 14837 | Lair:3   | Reached skill level 5 in Stealth
 15548 | Lair:3   | Offered knowledge of Delayed Fireball by Vehumet.
 15559 | Lair:3   | Learned a level 7 spell: Delayed Fireball
 15871 | Lair:4   | Reached skill level 1 in Fire Magic
 16040 | Lair:4   | Noticed Nergalle
 16326 | Lair:4   | Reached skill level 13 in Earth Magic
 16356 | Lair:4   | Slain by a boulder beetle

Action                   |  1- 3 |  4- 6 |  7- 9 | 10-12 || total
-------------------------+-------+-------+-------+-------++-------
Melee: Dagger            |    21 |       |       |       ||    21
       Unarmed           |    10 |       |     2 |    68 ||    80
       Club              |    70 |    73 |    46 |       ||   189
       Mace              |       |       |    65 |       ||    65
       Morningstar       |       |       |    61 |   185 ||   246
 Fire: Blowgun           |       |       |       |     9 ||     9
 Cast: Sandblast         |    62 |    89 |    20 |    23 ||   194
       Stone Arrow       |     6 |    26 |    48 |    59 ||   139
       Petrify           |       |       |    11 |    36 ||    47
       Lee's Rapid Decon |       |       |    34 |    98 ||   132
       Throw Flame       |       |       |     5 |    38 ||    43
       Searing Ray       |       |       |       |    11 ||    11
       Static Discharge  |       |       |       |    13 ||    13
       Passwall          |       |       |       |     2 ||     2
Evoke: Wand              |       |     2 |     3 |     1 ||     6
  Use: Potion            |     2 |     8 |     2 |     1 ||    13
       Scroll            |       |       |    14 |     8 ||    22
 Stab: Sleeping          |       |     1 |     4 |     9 ||    14
       Distracted        |       |     1 |       |       ||     1
       Petrifying        |       |       |       |     1 ||     1
  Eat: Chunk             |     5 |     6 |    22 |    38 ||    71
       Beef jerky        |       |     2 |       |       ||     2
       Meat ration       |       |     1 |       |       ||     1
       Fruit             |       |       |     4 |     2 ||     6
       Pizza             |       |       |     1 |       ||     1
